Map: Catalyst LE

Players

SALTKING - Winner!

  • Race: Terran Terran
  • League: Master
  • Spawn Location: 5:00

Leon

  • Race: Terran Terran
  • League: Diamond
  • Spawn Location: 11:00

VOD

Have the link to the VOD?

Description

4 Helion Transition to Bio

Time

  • Played on: Aug. 2, 2018, 3:13 a.m.
  • Length: 11:09
Show
View Real Time Build Order
Export as new Build Order

SALTKING Terran - Winner!

Build Orders: MMM Bio 

Get SALT Encoding   

  12  0:04  SCV  
  13  0:16  SCV  
  13  0:20  Supply Depot  
  14  0:24  Refinery  
  14  0:29  SCV  
  15  0:42  SCV  
  16  0:52  Barracks  
  16  0:54  SCV  
  17  1:06  SCV  
  19  1:18  SCV  
  20  1:38  Orbital Command  
  20  1:39  Reaper  
  20  1:46  Command Center  
  20  1:58  Factory  
  20  2:07  SCV  
  21  2:11  Barracks Reactor  
  21  2:19  SCV  
  22  2:25  Supply Depot  
  22  2:31  Barracks  
  22  2:33  SCV  
  23  2:51  SCV  
  24  2:54  Barracks Tech Lab  
  24  2:55  Hellion x2  
  24  2:58  Orbital Command  
  28  3:03  SCV  
  29  3:15  Stimpack, Marine  
  29  3:17  Hellion x2  
  34  3:20  Barracks Reactor  
  34  3:22  SCV  
  34  3:25  SCV  
  36  3:34  SCV  
  37  3:42  Barracks  
  37  3:43  Marine  
  37  3:45  SCV  
  37  3:46  SCV  
  40  3:49  Factory Reactor  
  40  3:50  Refinery  
  40  3:57  SCV  
  40  3:58  SCV  
  40  3:59  Engineering Bay  
  42  4:03  Marine x2  
  42  4:04  Marine  
  42  4:09  SCV  
  46  4:12  Supply Depot  
  46  4:16  SCV, Supply Depot  
  47  4:21  SCV, Marine x2  
  47  4:22  Marine  
  51  4:26  Starport  
  51  4:30  Marine x2  
  51  4:31  SCV  
  54  4:33  Terran Infantry Weapons Level 1  
  54  4:34  SCV  
  54  4:37  Factory Tech Lab  
  55  4:39  Supply Depot, Marine  
  55  4:40  Marine  
  55  4:42  Marine  
  55  4:44  SCV  
  59  4:46  SCV  
  59  4:47  Marine  
  59  4:49  Marine  
  62  4:56  SCV  
  62  4:59  SCV  
  64  5:01  Supply Depot  
  64  5:02  Marine x2  
  64  5:03  Refinery  
  66  5:11  Medivac x2  
  66  5:12  SCV  
  66  5:13  SCV  
  72  5:21  Marine x2  
  72  5:22  Marine x2  
  72  5:23  Marine  
  72  5:24  SCV  
  78  5:30  SCV  
  78  5:31  Supply Depot  
  78  5:32  Supply Depot  
  79  5:36  SCV  
  79  5:39  Marine x2  
  79  5:40  Marine x3  
  85  5:47  SCV  
  85  5:49  Combat Shields  
  86  5:50  Refinery  
  86  5:52  SCV, Medivac  
  86  5:54  Siege Tank  
  92  5:59  SCV  
  92  6:00  Supply Depot  
  93  6:04  SCV  
  93  6:08  Command Center  
  94  6:11  SCV  
  94  6:14  Marine  
  94  6:15  Marine  
  94  6:17  Marauder, Marine x2  
  101  6:18  SCV  
  101  6:23  SCV  
  103  6:27  Terran Infantry Armor Level 1, Supply Depot  
  103  6:29  Supply Depot  
  103  6:31  Medivac  
  105  6:35  Siege Tank  
  105  6:36  SCV x2  
  110  6:48  Marine x2  
  110  6:49  SCV, Barracks  
  110  6:50  Marauder, Barracks  
  110  6:51  Marine  
  110  6:52  Marine  
  118  6:54  SCV  
  118  7:01  SCV  
  119  7:04  Engineering Bay  
  119  7:07  Supply Depot  
  119  7:10  Supply Depot  
  119  7:12  Armory  
  119  7:13  SCV  
  119  7:14  Marine x2  
  119  7:15  Marauder, Marine x2  
  126  7:21  Siege Tank  
  126  7:22  SCV  
  130  7:25  Starport Tech Lab  
  130  7:27  SCV  
  131  7:40  SCV  
  131  7:41  SCV  
  131  7:42  Barracks Tech Lab  
  131  7:43  Marine  
  135  7:44  Barracks Tech Lab  
  135  7:45  Marauder, Marine x3  
  139  7:53  SCV x2, Siege Tank, Refinery  
  139  7:57  Orbital Command  
  144  8:00  Terran Infantry Weapons Level 2  
  144  8:03  Marauder  
  144  8:04  Marine  
  144  8:05  SCV  
  148  8:06  Marauder, Marine  
  148  8:07  Marine  
  148  8:08  Marine  
  148  8:10  SCV  
  154  8:13  Supply Depot  
  154  8:15  Supply Depot  
  154  8:16  Marauder  
  156  8:20  Supply Depot  
  156  8:22  Terran Infantry Armor Level 2  
  156  8:23  Marine  
  157  8:34  Marine  
  157  8:35  Marauder, Medivac, Siege Tank  
  157  8:37  Marauder, Marine x2  
  157  8:40  Marine  
  157  8:41  Marauder  
  172  8:46  Refinery  
  172  8:54  Command Center, Marine  
  173  8:56  Marauder  
  173  8:57  Marine x2  
  173  8:59  Marauder  
  179  9:04  Supply Depot  
  179  9:05  Supply Depot  
  179  9:07  Supply Depot, Marine  
  179  9:08  Liberator x2  
  180  9:12  Marine  
  181  9:26  Marauder, Siege Tank, Fusion Core, Marine x2  
  194  9:31  Marine  
  194  9:32  Marauder, Marine  
  194  9:34  Marauder  
  200  9:48  Refinery  
  200  9:49  Refinery  
  200  9:52  Command Center  
  200  9:53  Command Center  
  200  10:05  Starport  
  200  10:06  Starport  
  200  10:07  Orbital Command  
Show
View Real Time Build Order
Export as new Build Order

Leon Terran 

Build Orders: Reaper Expand, MMM Bio 

Get SALT Encoding   

  12  0:00  SCV  
  13  0:13  SCV  
  14  0:17  Supply Depot  
  14  0:25  SCV  
  15  0:28  Refinery  
  15  0:39  SCV  
  16  0:46  Barracks  
  16  0:52  SCV  
  17  1:06  SCV  
  18  1:18  SCV  
  19  1:33  Orbital Command  
  19  1:35  Reaper  
  20  1:50  Supply Depot  
  20  1:54  Command Center  
  20  2:05  Factory  
  20  2:08  SCV  
  20  2:14  Barracks Reactor  
  21  2:20  SCV  
  22  2:33  SCV  
  23  2:39  Barracks  
  23  2:43  Supply Depot  
  23  3:04  SCV, Hellion x2  
  28  3:06  Barracks Tech Lab  
  28  3:07  Orbital Command  
  28  3:16  SCV  
  29  3:25  Stimpack  
  29  3:26  Hellion x2, Marine  
  34  3:32  Barracks Reactor  
  34  3:37  SCV  
  34  3:38  SCV  
  36  3:50  SCV x2  
  36  3:51  Supply Depot  
  38  3:56  Barracks  
  38  3:57  Marine  
  38  4:02  SCV x2  
  41  4:11  Factory Reactor  
  41  4:13  Refinery  
  41  4:15  Marine  
  42  4:23  Marine  
  42  4:24  Marine  
  44  4:32  Engineering Bay  
  44  4:33  Marine  
  44  4:34  SCV x2  
  47  4:46  SCV x2  
  49  4:56  Starport  
  49  5:00  Marine x3  
  49  5:01  Marine x2  
  49  5:03  Factory Tech Lab  
  54  5:10  Refinery  
  54  5:11  Refinery  
  54  5:14  Supply Depot  
  54  5:15  Supply Depot  
  54  5:16  Terran Infantry Weapons Level 1  
  54  5:18  Missile Turret  
  54  5:20  Missile Turret  
  54  5:26  SCV x2, Combat Shields  
  56  5:29  Marine x4  
  56  5:30  Marine  
  56  5:33  Supply Depot  
  61  5:38  SCV x2  
  63  5:50  SCV x2  
  63  5:55  Medivac x2  
  69  6:01  Marine x5  
  74  6:05  Siege Tank  
  74  6:08  SCV x2  
  79  6:13  Command Center  
  79  6:16  Supply Depot  
  79  6:20  SCV x2  
  79  6:24  Marine x5  
  86  6:38  SCV x2, Medivac x2  
  92  6:41  Supply Depot  
  92  6:43  Supply Depot  
  92  6:46  Supply Depot  
  92  6:48  Concussive Shells  
  92  6:50  SCV  
  92  6:52  Siege Tank  
  96  7:00  Marine x4  
  100  7:03  Marine  
  100  7:08  Medivac  
  103  7:13  SCV  
  103  7:14  SCV  
  105  7:21  Marine  
  105  7:22  Marine  
  107  7:23  Marine  
  107  7:24  Marine  
  107  7:25  Siege Tank  
  107  7:26  SCV x2  
  114  7:41  Terran Infantry Armor Level 1  
  114  7:42  Medivac x2  
  118  7:45  Marauder  
  118  7:46  Marine  
  118  7:48  Marine  
  118  7:49  Marine  
  123  7:57  Missile Turret, Siege Tank, Refinery x2  
  126  8:02  Planetary Fortress  
  126  8:09  Marine  
  126  8:10  Marauder  
  126  8:12  Viking  
  131  8:14  Marine x3  
  134  8:20  Barracks  
  134  8:25  Barracks  
  134  8:29  SCV x2  
  136  8:41  SCV x2  
  136  8:43  Supply Depot  
  136  8:44  Supply Depot  
  136  8:46  Supply Depot  
  136  8:47  Viking  
  140  8:53  SCV  
  141  8:58  Viking, Siege Tank  
  141  9:00  Supply Depot  
  146  9:08  Marauder, Marine x4  
  152  9:15  Barracks Tech Lab x2  
  152  9:17  Viking  
  152  9:20  SCV x3  
  157  9:24  Supply Depot  
  157  9:30  Marauder, Marine x3  
  157  9:31  Marine  
  163  9:32  SCV x3  
  163  9:35  Marauder x2  
  163  9:38  Siege Tank  
  173  9:40  Viking  
  173  9:44  SCV  
  176  9:46  Supply Depot  
  176  9:53  Viking  
  176  9:55  Marauder, Marine x2  
  176  9:57  Marauder  
  176  9:58  Marauder  
  176  9:59  Marine x2  
  188  10:07  Supply Depot  
  188  10:08  Supply Depot x2  
  188  10:10  Siege Tank, Supply Depot  
  191  10:14  Supply Depot, Marine  
  191  10:15  Marine  
  191  10:16  Marauder  
  191  10:18  Marauder  
  191  10:20  Marine x3  
Tags
 
Composition
MMM BioMMM Bio
Matchup
TvT
Race
Terran
Spawn Locations
Cross Positions
Add a new tag
Caveats
  • Supply blocks, unpowered buildings, or Contaminate may cause inaccurate times.
  • Supply counts are checked every 10 seconds.